 Dungeon Crawl Stone Soup version 0.28-a0-1567-g1695149f81 (webtiles) character file.

Game seed: 8843941116806519735

17 comborobin the Skirmisher (level 2, -5/21 HPs)
             Began as an Octopode Cinder Acolyte on Jan 20, 2022.
             Was a Follower of Uskayaw.
             Slain by a fire elemental (10 damage)
             ... created by the fiery vengeance of Ignis
             ... on level 1 of the Dungeon.
             The game lasted 00:01:11 (1139 turns).

comborobin the Skirmisher (Octopode Cinder Acolyte) Turns: 1139, Time: 00:01:12

Health: -5/21      AC:  1    Str: 13    XL:     2   Next: 62%
Magic:  3/3        EV: 12    Int: 16    God:    Uskayaw [*.....]
Gold:   23         SH:  0    Dex:  7    Spells: 3/3 levels left

rFire   . . .      SeeInvis .   d - +2 trident (venom)
rCold   . . .      Faith    .   (no shield)
rNeg    . . .      Spirit   .   (helmet restricted)
rPois   .          Reflect  .   (no amulet)
rElec   .          Harm     .   a - ring of willpower
rCorr   .          Rampage  .   (no ring)
Will    +....                   (no ring)
Stlth   ++........              (no ring)
HPRegen 0.07/turn               (no ring)
MPRegen 0.08/turn               (no ring)
                                (no ring)
                                (no ring)

@: about to teleport, fire susceptible
A: almost no armour, amphibious, 8 rings, camouflage 1, gelatinous body 1,
(nimble swimmer 1), tentacles
a: Renounce Religion, Stomp


You were on level 1 of the Dungeon.
You worshipped Uskayaw.
Uskayaw was noncommittal.
You visited 1 branch of the dungeon, and saw 1 of its levels.

You collected 23 gold pieces.

Inventory:

Hand Weapons
 c - a +0 short sword
 d - a +2 trident of venom (weapon)
Jewellery
 a - a ring of willpower (left tentacle)


   Skills:
 - Level 3.3 Fighting
 - Level 0.1 Short Blades
 + Level 0.8 Polearms
 - Level 1.1 Dodging
 - Level 3.0 Unarmed Combat
 - Level 1.0 Spellcasting
 - Level 3.0 Fire Magic


You had 3 spell levels left.
You didn't know any spells.
Your spell library contained the following spells:

 Spells                   Type           Power      Damage    Failure   Level
 Scorch                   Fire           20%        2d6       10%         2


Dungeon Overview and Level Annotations

Branches:
Dungeon (1/15)

Altars:
Uskayaw


Innate Abilities, Weirdness & Mutations

You cannot wear most types of armour.
You are amphibious.
You can wear up to eight rings at the same time.
Your skin changes colour to match your surroundings (Stealth+).
Your rubbery body absorbs attacks. (AC +1, EV +1)
((You are camouflaged when in or above water. (Stealth+)))
You have tentacles for arms and can constrict up to eight enemies at once.


Message History

Your tentacle-slap misses the jackal.
You squeeze the jackal.
The jackal is almost dead.
The jackal barely misses you. The jackal bites you.
You closely miss the jackal. Your grab misses the jackal.
The jackal is almost dead.
The jackal bites you.
You barely miss the jackal. You grab the jackal.
The jackal is almost dead.
You constrict the jackal, but do no damage.
The jackal closely misses you. The jackal bites you.
A jackal is nearby!
You hit the jackal.
You kill the jackal!
You see here a jackal corpse.
Key pressed, stopping explore.
No target in view!
An endoplasm comes into view.
An endoplasm is nearby!
An endoplasm is nearby!
You reach to attack!
The helpless endoplasm fails to defend itself.
You puncture the endoplasm!
You kill the endoplasm!
Ignis wails with rage, and rains down burning fury! 3 fire elementals come into view.
You closely miss the fire elemental. Your squeeze misses the fire elemental.
You barely miss the fire elemental. The fire elemental closely misses you.
You puncture the fire elemental! Your squeeze misses the fire elemental.
The fire elemental is moderately damaged.
The fire elemental hits you. The fire elemental burns you!
Ouch! That really hurt!
* * * LOW HITPOINT WARNING * * *
The fire elemental misses you.
You aren't carrying any potions.
As you read the scroll labelled YGEHAE ROPA, it crumbles to dust.
You feel strangely unstable.
It was a scroll of teleportation.
The fire elemental hits you.
* * * LOW HITPOINT WARNING * * *
The fire elemental burns you!
You die...

.... ...# #..## ...
... #.# #+ #.# #.#
#@########.#
####E##.......#######
#...EE..# ##...... .#
#.##.##.# #.....###.#
#.##.##.####......†..
#.##......##..#.###.#
# #.#####.#.......#
.# #
#.#####.####..#####.#
#
#..†....####........#


You could see 3 fire elementals.

Vanquished Creatures
  A bat (D:1)
  An endoplasm (D:1)
  A goblin (D:1)
  A hobgoblin (D:1)
  3 jackals (D:1)
  3 ball pythons (D:1)
  2 frilled lizards (D:1)
  3 kobolds (D:1)
  A rat (D:1)
16 creatures vanquished.

Vanquished Creatures (others)
  17 foxfires (D:1)
17 creatures vanquished.

Grand Total: 33 creatures vanquished

Notes
Turn   | Place    | Note
-------+----------+-------------------------------------------
     0 | D:1      | comborobin the Octopode Cinder Acolyte began the quest for
                  | the Orb.
     0 | D:1      | Reached XP level 1. HP: 16/16 MP: 2/2
   263 | D:1      | Reached skill level 1 in Dodging
   263 | D:1      | Reached XP level 2. HP: 6/21 MP: 3/3
   491 | D:1      | Found a faded altar of an unknown god.
   715 | D:1      | Prayed at the altar of an unknown god.
   715 | D:1      | Fell from the grace of Ignis
   715 | D:1      | Became a worshipper of Uskayaw the Reveller
   715 | D:1      | Reached * piety under Uskayaw
  1048 | D:1      | Reached ** piety under Uskayaw
  1136 | D:1      | Noticed a fire elemental
  1136 | D:1      | Noticed a fire elemental
  1136 | D:1      | Noticed a fire elemental
  1139 | D:1      | Slain by a fire elemental

Illustrated notes

Levels and vault maps discovered:
D:1:      lemuel_arrival_funnel, layout_loops_corners,
          ebering_ecumenical_altar_rust

Skill      XL: |  1 |
---------------+----+-----
Dodging        | 1 |  1.1
Fighting       | |  3.3
Short Blades   | |  0.1
Polearms       | |  0.8
Unarmed Combat | |  3.0
Spellcasting   | |  1.0
Fire Magic     | |  3.0

Action                   || total
-------------------------++-------
Melee: Unarmed           ||    12
       Constrict         ||     9
       Tentacles         ||     5
       Trident           ||    13
       Short sword       ||     6
Invok: Foxfire Swarm     ||     1
  Use: Scroll            ||     1
 Stab: Sleeping          ||     3
Armor: Skin              ||     2
Dodge: Dodged            ||    31

Table legend: (Time is in decaauts)
 A = Elapsed time spent in this place.
 B = Non-inter-level travel time spent in this place.
 C = Inter-level travel time spent in this place.
 D = Time resting spent in this place.
 E = Time spent auto-exploring this place.
 F = Levels seen in this place.
 G = Mean time per level.
                   A        B        C        D        E       F      G
               +--------+--------+--------+--------+--------+-----+--------+
         Total |   1140 |   1085 |     55 |    328 |    663 |   1 | 1140.0 |
       Dungeon |   1140 |   1085 |     55 |    328 |    663 |   1 | 1140.0 |
               +--------+--------+--------+--------+--------+-----+--------+

Top non-repeatable levels by time:
     D:1: 1140 daAuts
